 Dungeon Crawl Stone Soup version 0.23-a0-329-g6f3f904 (webtiles) character file.

10031 Gorice the Thaumaturge (level 11, 0/83 HPs)
             Began as a Gnoll Wanderer on Oct 16, 2018.
             Was an Elder of Okawaru.
             Succumbed to a black mamba's poison
             ... on level 1 of the Lair of Beasts.
             The game lasted 00:50:59 (14764 turns).

Gorice the Thaumaturge (Gnoll Wanderer)            Turns: 14764, Time: 00:51:00

Health: 0/83       AC: 17    Str: 17    XL:     11   Next: 55%
Magic:  24/24      EV: 13    Int: 16    God:    Okawaru [****..]
Gold:   653        SH:  0    Dex: 14    Spells: 29/29 levels left

rFire    + . .     SeeInvis .   a - +2 scimitar (flame)
rCold    . . .     Gourm    .   (no shield)
rNeg     . . .     Faith    +   T - +4 chain mail {rF+}
rPois    .         Spirit   .   X - +0 helmet
rElec    .         Reflect  .   n - +1 cloak
rCorr    .         Harm     .   (no gloves)
MR       +....                  (no boots)
Stlth    ..........             x - amulet of faith {!P}
HPRegen  0.23/turn              e - +3 ring of evasion
MPRegen  0.19/turn              m - ring of protection from magic

@: lethally poisoned (0 -> -43)
A: distributed training, fangs 1, strong nose
a: Heroism, Renounce Religion


You were on level 1 of the Lair of Beasts.
You worshipped Okawaru.
Okawaru was greatly pleased with you.
You were not hungry.

You visited 3 branches of the dungeon, and saw 12 of its levels.

You collected 653 gold pieces.

Inventory:

Hand Weapons
 a - a +2 scimitar of flaming (weapon)
   (You took it off Erica on level 8 of the Dungeon)
 b - the +8 hunting sling "Qinuapazi" {freeze, rF+ rC+ MR+}
   (You acquired it on level 10 of the Dungeon)

   It causes projectiles fired from it to freeze those they strike, causing
   extra injury to most foes and up to half again as much damage against
   particularly susceptible opponents.
   They can also slow down cold-blooded creatures.
   It protects you from fire.
   It protects you from cold.
   It affects your resistance to hostile enchantments.
 V - a +2 dagger of venom
   (You took it off an orc wizard on level 5 of the Dungeon)
Missiles
 k - 202 arrows
 o - 107 sling bullets
 u - 4 javelins
 v - 16 tomahawks (quivered)
 Y - 488 stones
 Z - 3 throwing nets {!f}
Armour
 h - a scarf of resistance
   (You found it on level 4 of the Dungeon)
 n - a +1 cloak (worn)
 T - a +4 chain mail of fire resistance (worn)
   (You took it off Urug on level 10 of the Dungeon)
 X - a +0 helmet (worn)
Jewellery
 e - a +3 ring of evasion (left hand)
 i - an uncursed ring of see invisible
 j - an uncursed ring of protection from magic
 m - a ring of protection from magic (right hand)
 x - an amulet of faith (around neck) {!P}
 F - an uncursed ring of flight
Wands
 d - a wand of polymorph (18)
 r - a wand of flame (44)
 H - a wand of iceblast (12)
Scrolls
 g - a scroll of enchant armour
 l - 11 scrolls of teleportation {!r}
 p - a scroll of magic mapping {unknown}
 R - 8 scrolls of remove curse
Potions
 q - a potion of magic {!q}
 y - 3 potions of haste {!q}
 C - a potion of agility {!q}
 D - a potion of cancellation {!q}
 G - a potion of invisibility {!q}
 O - 4 potions of resistance {!q}
Comestibles
 c - 15 chunks of flesh
 f - 23 rations


   Skills:
 + Level 6.8 Fighting
 + Level 6.3 Short Blades
 + Level 6.8 Long Blades
 + Level 6.3 Axes
 + Level 6.3 Maces & Flails
 + Level 6.3 Polearms
 + Level 6.3 Staves
 + Level 6.3 Slings
 + Level 6.3 Bows
 + Level 6.3 Crossbows
 + Level 6.3 Throwing
 + Level 6.3 Armour
 + Level 6.8 Dodging
 + Level 6.3 Stealth
 + Level 6.8 Shields
 + Level 6.3 Unarmed Combat
 + Level 9.6 Spellcasting
 + Level 5.2 Conjurations
 + Level 5.2 Hexes
 + Level 6.5 Charms
 + Level 5.2 Summonings
 + Level 5.2 Necromancy
 + Level 5.2 Translocations
 + Level 5.2 Transmutations
 + Level 5.2 Fire Magic
 + Level 5.2 Ice Magic
 + Level 5.2 Air Magic
 + Level 5.2 Earth Magic
 + Level 5.2 Poison Magic
 + Level 6.9 Invocations
 + Level 6.8 Evocations


You had 29 spell levels left.
You didn't know any spells.
Your spell library contained the following spells:

 Spells                   Type           Power        Failure   Level  Hunger
 Shock                    Conj/Air       ###.         14%         1    None
 Swiftness                Chrm/Air       ####....     16%         2    None
 Passwall                 Tmut/Erth      ###.....     21%         2    None
 Sticks to Snakes         Tmut           ###.....     21%         2    None
 Static Discharge         Conj/Air       ###.....     38%         3    None
 Airstrike                Air            ###.......   80%         4    ###....
 Lightning Bolt           Conj/Air       ###.......   98%         5    #####..


Dungeon Overview and Level Annotations

Branches:
Dungeon (10/15)            Temple (1/1) D:6            Lair (1/6) D:10
    Orc: D:9-12

Altars:
Ashenzari
Cheibriados
Dithmenos
Elyvilon
Fedhas
Gozag
Hepliaklqana
Kikubaaqudgha
Makhleb
Nemelex Xobeh
Okawaru
Qazlal
Ru
Sif Muna
Trog
Uskayaw
Vehumet
Wu Jian
Xom
Yredelemnul
Zin
The Shining One

Shops:
D:10 :


Innate Abilities, Weirdness & Mutations

Your experience applies equally to all skills.
You have very sharp teeth.
Your uncanny sense of smell can sniff out nearby items.


Message History

The black mamba poisons you! The black mamba bites you!
* * * LOW HITPOINT WARNING * * *
Damage: 20 (max 20)
You slash the black mamba! You burn the black mamba.
The black mamba is moderately wounded.
You feel very sick. The black mamba bites you.
* * * LOW HITPOINT WARNING * * *
You are lethally poisoned!
The black mamba poisons you!
The black mamba bites you but does no damage.
Damage: 8 (max 20)
You closely miss the black mamba.
The black mamba is moderately wounded.
* * * LOW HITPOINT WARNING * * *
You feel very sick. The black mamba bites you.
* * * LOW HITPOINT WARNING * * *
You are more poisoned.
The black mamba poisons you! The black mamba closely misses you.
You riposte.
You closely miss the black mamba.
The black mamba is moderately wounded.
Damage: 7 (max 20)
You miss the black mamba.
The black mamba is moderately wounded.
* * * LOW HITPOINT WARNING * * *
You feel very sick. The black mamba closely misses you.
You riposte.
You closely miss the black mamba.
The black mamba is moderately wounded.
The black mamba misses you.
Damage: 6 (max 20) Evoke which item? (* to show all) (? for menu, Esc to quit)
Aiming: Iceblast
Press: ? - help, Shift-Dir - straight line, p - black mamba The mass of ice explodes!
The iceblast engulfs the black mamba.
You kill the black mamba!
Okawaru accepts your kill.
* * * LOW HITPOINT WARNING * * *
You feel very sick.
You hear an angry hiss.
Damage: 3 (max 20)
Okay, then.
* * * LOW HITPOINT WARNING * * *
You feel very sick.
Damage: 4 (max 20)
* * * LOW HITPOINT WARNING * * *
You feel very sick.
Damage: 4 (max 20)
You die...

##
♣.♣P♣♣♣♣.P♣♣♣.♣.♣♣♣.♣
♣♣.♣. ♣.♣♣♣
♣.♣.♣♣P....♣.♣ ....
#..P♣♣
♣♣♣♣.♣.♣..♣.♣.♣.....
#..♣ ♣♣
♣.♣.♣♣PP♣.♣♣.♣.... #.#(
.♣♣.$..♣♣.♣..♣♣..... #
#
♣♣♣♣..(.P..♣♣♣♣♣.......
.....................#
#..(.....#.#....#...
##..@..# #.......>..
##......# ##.........
#.......####.....###..
##......##........ #..
###.....P..........#
###
#................... #
#..#.....#[#...#### ##
#.................##
##. ##
##....#####.##......#
#..


There were no monsters in sight!

Vanquished Creatures
  Harold (D:8)
  Erica (D:8)
  A two-headed ogre (D:10)
  Urug (D:10)
  Joseph (D:9)
  2 black mambas (Lair:1)
  A blink frog (Lair:1)
  3 hippogriffs (Lair:1)
  A wyvern (D:8)
  6 yaks (Lair:1)
  A hungry ghost (D:8)
  A water moccasin (Lair:1)
  An orc warrior (D:10)
  2 porcupines (D:10)
  2 ice beasts
  2 sky beasts (D:8)
  A necrophage (D:10)
  A phantom (D:9)
  7 ogres
  4 centaurs
  A crocodile (Lair:1)
  10 bullfrogs
  A wyvern zombie (D:9)
  3 scorpions (D:5)
  2 wyvern skeletons
  6 wights
  4 killer bees (D:7)
  3 howler monkeys
  3 crimson imps
  4 hounds
  8 jellies
  7 orc wizards
  A bullfrog skeleton (D:6)
  An orc priest (D:6)
  3 centaur skeletons (D:10)
  2 iguanas
  6 worker ants
  A worker ant zombie (D:5)
  A howler monkey skeleton (D:9)
  7 gnolls
  8 adders
  4 shadow imps
  An ooze (D:5)
  An adder zombie (D:8)
  An adder skeleton (D:4)
  A worm (D:5)
  2 dart slugs (D:2)
  5 leopard geckos
  31 orcs
  5 ball pythons
  7 giant cockroaches
  11 goblins
  5 hobgoblins
  10 jackals
  3 quokkas
  10 bats
  7 frilled lizards
  7 kobolds
  2 leopard gecko skeletons
  A quokka skeleton (D:7)
  8 rats
244 creatures vanquished.

Vanquished Creatures (others)
  4 plants (Lair:1)
4 creatures vanquished.

Grand Total: 248 creatures vanquished

Notes
Turn   | Place    | Note
-------+----------+-------------------------------------------
     0 | D:1      | Gorice the Gnoll Wanderer began the quest for the Orb.
     0 | D:1      | Gorice set off with: a +0 leather armour, a +0
                  | quarterstaff, a ration, 3 throwing nets {!f}
     0 | D:1      | Reached XP level 1. HP: 17/17 MP: 8/8
   301 | D:1      | Reached XP level 2. HP: 16/23 MP: 10/10
  1048 | D:2      | Reached XP level 3. HP: 26/28 MP: 11/11
  1352 | D:2      | Reached skill level 1 in Invocations
  1798 | D:2      | Reached skill level 1 in Short Blades
  1798 | D:2      | Reached skill level 1 in Axes
  1798 | D:2      | Reached skill level 1 in Maces & Flails
  1798 | D:2      | Reached skill level 1 in Polearms
  1798 | D:2      | Reached skill level 1 in Staves
  1798 | D:2      | Reached skill level 1 in Slings
  1798 | D:2      | Reached skill level 1 in Bows
  1798 | D:2      | Reached skill level 1 in Crossbows
  1798 | D:2      | Reached skill level 1 in Throwing
  1798 | D:2      | Reached skill level 1 in Armour
  1798 | D:2      | Reached skill level 1 in Stealth
  1798 | D:2      | Reached skill level 1 in Unarmed Combat
  1868 | D:2      | Reached XP level 4. HP: 30/34 MP: 13/13
  2234 | D:3      | Found a faded altar of an unknown god.
  2601 | D:3      | Reached skill level 1 in Conjurations
  2601 | D:3      | Reached skill level 1 in Hexes
  2601 | D:3      | Reached skill level 1 in Summonings
  2601 | D:3      | Reached skill level 1 in Necromancy
  2601 | D:3      | Reached skill level 1 in Translocations
  2601 | D:3      | Reached skill level 1 in Transmutations
  2601 | D:3      | Reached skill level 1 in Fire Magic
  2601 | D:3      | Reached skill level 1 in Ice Magic
  2601 | D:3      | Reached skill level 1 in Air Magic
  2601 | D:3      | Reached skill level 1 in Earth Magic
  2601 | D:3      | Reached skill level 1 in Poison Magic
  2939 | D:3      | Reached XP level 5. HP: 38/40 MP: 14/14
  3908 | D:4      | HP: 7/40 [gnoll/+0 halberd (14)]
  4427 | D:4      | Reached skill level 3 in Fighting
  4427 | D:4      | Reached skill level 3 in Long Blades
  4427 | D:4      | Reached skill level 3 in Dodging
  4427 | D:4      | Reached skill level 3 in Shields
  4427 | D:4      | Reached skill level 4 in Charms
  4427 | D:4      | Reached skill level 3 in Evocations
  4691 | D:4      | Reached skill level 2 in Invocations
  4691 | D:4      | Reached XP level 6. HP: 36/47 MP: 16/16
  4770 | D:4      | Reached skill level 2 in Short Blades
  4770 | D:4      | Reached skill level 2 in Axes
  4770 | D:4      | Reached skill level 2 in Maces & Flails
  4770 | D:4      | Reached skill level 2 in Polearms
  4770 | D:4      | Reached skill level 2 in Staves
  4770 | D:4      | Reached skill level 2 in Slings
  4770 | D:4      | Reached skill level 2 in Bows
  4770 | D:4      | Reached skill level 2 in Crossbows
  4770 | D:4      | Reached skill level 2 in Throwing
  4770 | D:4      | Reached skill level 2 in Armour
  4770 | D:4      | Reached skill level 2 in Stealth
  4770 | D:4      | Reached skill level 2 in Unarmed Combat
  5206 | D:5      | Entered Level 5 of the Dungeon
  5271 | D:5      | Reached XP level 7. HP: 37/52 MP: 18/18
  5742 | D:5      | Reached skill level 2 in Conjurations
  5742 | D:5      | Reached skill level 2 in Hexes
  5742 | D:5      | Reached skill level 2 in Summonings
  5742 | D:5      | Reached skill level 2 in Necromancy
  5742 | D:5      | Reached skill level 2 in Translocations
  5742 | D:5      | Reached skill level 2 in Transmutations
  5742 | D:5      | Reached skill level 2 in Fire Magic
  5742 | D:5      | Reached skill level 2 in Ice Magic
  5742 | D:5      | Reached skill level 2 in Air Magic
  5742 | D:5      | Reached skill level 2 in Earth Magic
  5742 | D:5      | Reached skill level 2 in Poison Magic
  5762 | D:5      | HP: 15/52 [poisoned by an orc wizard]
  5770 | D:5      | HP: 15/52 [poisoned by an orc wizard]
  6031 | D:5      | Found a white marble altar of Elyvilon.
  6117 | D:5      | Reached skill level 3 in Invocations
  6291 | D:5      | Reached XP level 8. HP: 30/60 MP: 19/19
  6552 | D:5      | Reached skill level 4 in Fighting
  6552 | D:5      | Reached skill level 4 in Long Blades
  6552 | D:5      | Reached skill level 4 in Dodging
  6552 | D:5      | Reached skill level 4 in Shields
  6552 | D:5      | Reached skill level 4 in Evocations
  6638 | D:5      | Reached skill level 3 in Short Blades
  6638 | D:5      | Reached skill level 3 in Axes
  6638 | D:5      | Reached skill level 3 in Maces & Flails
  6638 | D:5      | Reached skill level 3 in Polearms
  6638 | D:5      | Reached skill level 3 in Staves
  6638 | D:5      | Reached skill level 3 in Slings
  6638 | D:5      | Reached skill level 3 in Bows
  6638 | D:5      | Reached skill level 3 in Crossbows
  6638 | D:5      | Reached skill level 3 in Throwing
  6638 | D:5      | Reached skill level 3 in Armour
  6638 | D:5      | Reached skill level 3 in Stealth
  6638 | D:5      | Reached skill level 3 in Unarmed Combat
  7012 | D:6      | Found a burning altar of Makhleb.
  7490 | D:5      | Reached skill level 8 in Spellcasting
  7661 | D:6      | Found a staircase to the Ecumenical Temple.
  7672 | Temple   | Entered the Ecumenical Temple
  7720 | Temple   | Became a worshipper of Warmaster Okawaru
  8158 | D:6      | Reached skill level 3 in Conjurations
  8158 | D:6      | Reached skill level 3 in Hexes
  8158 | D:6      | Reached skill level 3 in Summonings
  8158 | D:6      | Reached skill level 3 in Necromancy
  8158 | D:6      | Reached skill level 3 in Translocations
  8158 | D:6      | Reached skill level 3 in Transmutations
  8158 | D:6      | Reached skill level 3 in Fire Magic
  8158 | D:6      | Reached skill level 3 in Ice Magic
  8158 | D:6      | Reached skill level 3 in Air Magic
  8158 | D:6      | Reached skill level 3 in Earth Magic
  8158 | D:6      | Reached skill level 3 in Poison Magic
  8158 | D:6      | Reached skill level 4 in Invocations
  8181 | D:6      | Reached XP level 9. HP: 48/66 MP: 21/21
  8383 | D:7      | Reached skill level 5 in Charms
  8796 | D:7      | Reached skill level 4 in Short Blades
  8796 | D:7      | Reached skill level 4 in Axes
  8796 | D:7      | Reached skill level 4 in Maces & Flails
  8796 | D:7      | Reached skill level 4 in Polearms
  8796 | D:7      | Reached skill level 4 in Staves
  8796 | D:7      | Reached skill level 4 in Slings
  8796 | D:7      | Reached skill level 4 in Bows
  8796 | D:7      | Reached skill level 4 in Crossbows
  8796 | D:7      | Reached skill level 4 in Throwing
  8796 | D:7      | Reached skill level 4 in Armour
  8796 | D:7      | Reached skill level 4 in Stealth
  8796 | D:7      | Reached skill level 4 in Unarmed Combat
  8824 | D:7      | HP: 20/67 [poisoned by a killer bee]
  8830 | D:7      | HP: 20/67 [poisoned by a killer bee]
  8838 | D:7      | HP: 19/67 [poisoned by a killer bee]
  8850 | D:7      | Reached * piety under Okawaru
  8853 | D:7      | HP: 14/67 [killer bee (7)]
  9469 | D:8      | Reached skill level 5 in Fighting
  9469 | D:8      | Reached skill level 5 in Long Blades
  9469 | D:8      | Reached skill level 5 in Dodging
  9469 | D:8      | Reached skill level 5 in Shields
  9469 | D:8      | Reached skill level 5 in Evocations
  9488 | D:8      | Noticed Erica
  9503 | D:8      | HP: 10/68 [something/orb of energy (16)]
  9517 | D:8      | HP: 14/68 [something/bolt of poison (7)]
  9523 | D:8      | HP: 13/68 [poisoned by Erica (bolt of poison)]
  9531 | D:8      | HP: 12/68 [poisoned by Erica (bolt of poison)]
  9533 | D:8      | HP: 4/68 [Erica/+2 scimitar of flaming (9)]
  9535 | D:8      | Killed Erica
  9535 | D:8      | Reached skill level 5 in Invocations
  9539 | D:8      | HP: 2/68 [poisoned by Erica (bolt of poison)]
  9547 | D:8      | HP: 1/68 [poisoned by Erica (bolt of poison)]
 10118 | D:8      | HP: 18/68 [something (6)]
 10129 | D:8      | Reached XP level 10. HP: 22/74 MP: 22/22
 10378 | D:8      | Reached skill level 4 in Conjurations
 10378 | D:8      | Reached skill level 4 in Hexes
 10378 | D:8      | Reached skill level 4 in Summonings
 10378 | D:8      | Reached skill level 4 in Necromancy
 10378 | D:8      | Reached skill level 4 in Translocations
 10378 | D:8      | Reached skill level 4 in Transmutations
 10378 | D:8      | Reached skill level 4 in Fire Magic
 10378 | D:8      | Reached skill level 4 in Ice Magic
 10378 | D:8      | Reached skill level 4 in Air Magic
 10378 | D:8      | Reached skill level 4 in Earth Magic
 10378 | D:8      | Reached skill level 4 in Poison Magic
 10422 | D:8      | Reached ** piety under Okawaru
 10587 | D:8      | Noticed Harold
 10606 | D:8      | Killed Harold
 10606 | D:8      | Reached skill level 5 in Short Blades
 10606 | D:8      | Reached skill level 5 in Axes
 10606 | D:8      | Reached skill level 5 in Maces & Flails
 10606 | D:8      | Reached skill level 5 in Polearms
 10606 | D:8      | Reached skill level 5 in Staves
 10606 | D:8      | Reached skill level 5 in Slings
 10606 | D:8      | Reached skill level 5 in Bows
 10606 | D:8      | Reached skill level 5 in Crossbows
 10606 | D:8      | Reached skill level 5 in Throwing
 10606 | D:8      | Reached skill level 5 in Armour
 10606 | D:8      | Reached skill level 5 in Stealth
 10606 | D:8      | Reached skill level 5 in Unarmed Combat
 11110 | D:8      | Identified a scroll of acquirement
 11822 | D:9      | Noticed Joseph
 11837 | D:9      | Killed Joseph
 12000 | D:9      | Found an ornate altar of the Wu Jian Council.
 12020 | D:9      | Reached skill level 9 in Spellcasting
 12100 | D:9      | Reached *** piety under Okawaru
 12319 | D:10     | Entered Level 10 of the Dungeon
 12332 | D:10     | Found a snail-covered altar of Cheibriados.
 12370 | D:10     | Reached skill level 6 in Fighting
 12370 | D:10     | Reached skill level 6 in Long Blades
 12370 | D:10     | Reached skill level 6 in Dodging
 12370 | D:10     | Reached skill level 6 in Shields
 12370 | D:10     | Reached skill level 6 in Evocations
 12443 | D:10     | Reached skill level 6 in Charms
 12443 | D:10     | Reached skill level 6 in Invocations
 12695 | D:10     | Found a staircase to the Lair.
 12705 | D:10     | HP: 22/76 [orc warrior/+0 scimitar (15)]
 12707 | D:10     | HP: 7/76 [orc warrior/+0 scimitar (16)]
 13074 | D:10     | Noticed a two-headed ogre
 13086 | D:10     | Killed a two-headed ogre
 13086 | D:10     | Received a gift from Okawaru
 13086 | D:10     | Reached XP level 11. HP: 81/82 MP: 22/24
 13105 | D:10     | Noticed Urug
 13123 | D:10     | Killed Urug
 13123 | D:10     | Received a gift from Okawaru
 13508 | D:10     | Found Temo's Book Emporium.
 13970 | D:10     | Got a jewelled hunting sling
 13971 | D:10     | Identified the +8 hunting sling "Qinuapazi" {freeze, rF+
                  | rC+ MR+} (You acquired it on level 10 of the Dungeon)
 13974 | Lair:1   | Entered Level 1 of the Lair of Beasts
 14054 | Lair:1   | Reached skill level 6 in Short Blades
 14054 | Lair:1   | Reached skill level 6 in Axes
 14054 | Lair:1   | Reached skill level 6 in Maces & Flails
 14054 | Lair:1   | Reached skill level 6 in Polearms
 14054 | Lair:1   | Reached skill level 6 in Staves
 14054 | Lair:1   | Reached skill level 6 in Slings
 14054 | Lair:1   | Reached skill level 6 in Bows
 14054 | Lair:1   | Reached skill level 6 in Crossbows
 14054 | Lair:1   | Reached skill level 6 in Throwing
 14054 | Lair:1   | Reached skill level 6 in Armour
 14054 | Lair:1   | Reached skill level 6 in Stealth
 14054 | Lair:1   | Reached skill level 6 in Unarmed Combat
 14076 | Lair:1   | Reached skill level 5 in Conjurations
 14076 | Lair:1   | Reached skill level 5 in Hexes
 14076 | Lair:1   | Reached skill level 5 in Summonings
 14076 | Lair:1   | Reached skill level 5 in Necromancy
 14076 | Lair:1   | Reached skill level 5 in Translocations
 14076 | Lair:1   | Reached skill level 5 in Transmutations
 14076 | Lair:1   | Reached skill level 5 in Fire Magic
 14076 | Lair:1   | Reached skill level 5 in Ice Magic
 14076 | Lair:1   | Reached skill level 5 in Air Magic
 14076 | Lair:1   | Reached skill level 5 in Earth Magic
 14076 | Lair:1   | Reached skill level 5 in Poison Magic
 14309 | Lair:1   | Reached **** piety under Okawaru
 14759 | Lair:1   | HP: 24/83 [poisoned by a black mamba]
 14762 | Lair:1   | HP: 8/83 [poisoned by a black mamba]
 14764 | Lair:1   | Succumbed to a black mamba's poison

Vault maps used:
D:1:      dpeg_arrival_chase, hex_medium
D:2:      first_ration
D:3:      chequers_ecumenical_altar_island, minmay_quantized
D:4:      roderic_serpentine_path
D:5:      elyvilon_altar_5, serial_glass, glass_columns_a, glass_columns_a,
          item_on_display_a, grunt_ministairs_13
D:6:      minmay_temple_entry_glassed_door, basic_altar, hex_tiny
D:8:      grunt_ogre_cave, uniq_harold, uniq_erica
D:9:      basic_altar, minmay_sticks_and_stones
D:10:     grunt_lair_entry_orc_guard_hut, basic_altar, serial_shops, shop,
          uniq_urug
Temple:   kilobyte_greek_temple
Lair:1:   wad_woods_river_01, grunt_megastairs_1

Skill      XL: |  1  2  3  4  5  6  7  8  9 10 11 |
---------------+----------------------------------+-----
Invocations    | 1 2 3 4 5 6 |  6.9
Short Blades   | 1 2 3 4 5 6 |  6.3
Axes           | 1 2 3 4 5 6 |  6.3
Maces & Flails | 1 2 3 4 5 6 |  6.3
Polearms       | 1 2 3 4 5 6 |  6.3
Staves         | 1 2 3 4 5 6 |  6.3
Slings         | 1 2 3 4 5 6 |  6.3
Bows           | 1 2 3 4 5 6 |  6.3
Crossbows      | 1 2 3 4 5 6 |  6.3
Throwing       | 1 2 3 4 5 6 |  6.3
Armour         | 1 2 3 4 5 6 |  6.3
Stealth        | 1 2 3 4 5 6 |  6.3
Unarmed Combat | 1 2 3 4 5 6 |  6.3
Conjurations   | 1 2 3 4 5 |  5.2
Hexes          | 1 2 3 4 5 |  5.2
Summonings     | 1 2 3 4 5 |  5.2
Necromancy     | 1 2 3 4 5 |  5.2
Translocations | 1 2 3 4 5 |  5.2
Transmutations | 1 2 3 4 5 |  5.2
Fire Magic     | 1 2 3 4 5 |  5.2
Ice Magic      | 1 2 3 4 5 |  5.2
Air Magic      | 1 2 3 4 5 |  5.2
Earth Magic    | 1 2 3 4 5 |  5.2
Poison Magic   | 1 2 3 4 5 |  5.2
Fighting       | 3 4 5 6 |  6.8
Long Blades    | 3 4 5 6 |  6.8
Dodging        | 3 4 5 6 |  6.8
Shields        | 3 4 5 6 |  6.8
Charms         | 4 5 6 |  6.5
Evocations     | 3 4 5 6 |  6.8
Spellcasting   | 8 9 |  9.6

Action                   |  1- 3 |  4- 6 |  7- 9 | 10-12 || total
-------------------------+-------+-------+-------+-------++-------
Melee: Quarterstaff      |   122 |   198 |   133 |       ||   453
       Bite              |    11 |    16 |    50 |    42 ||   119
       Dagger            |       |       |   252 |       ||   252
       Punch             |       |       |     3 |    10 ||    13
       Scimitar          |       |       |    27 |   281 ||   308
 Fire: Hunting sling     |       |       |       |    15 ||    15
Throw: Stone             |       |    19 |     5 |       ||    24
       Tomahawk          |       |     5 |    11 |     6 ||    22
       Throwing net      |       |       |     1 |     3 ||     4
Invok: Heroism           |       |       |     2 |     6 ||     8
Evoke: Wand              |       |       |    13 |     3 ||    16
  Use: Scroll            |     5 |     6 |     6 |     5 ||    22
       Potion            |       |     2 |     3 |       ||     5
 Stab: Sleeping          |     1 |     1 |       |       ||     2
       Paralysed         |       |       |     3 |     2 ||     5
       Held in net/web   |       |       |       |     1 ||     1
  Eat: Chunk             |     3 |     7 |    13 |    16 ||    39
       Ration            |       |     1 |     1 |       ||     2
Armor: Leather armour    |    43 |    34 |       |       ||    77
       Chain mail        |       |    58 |   205 |   118 ||   381
       Plate armour      |       |       |       |     6 ||     6
Dodge: Dodged            |   112 |   123 |   175 |   156 ||   566
       Rpst.: Scimitar   |       |       |     1 |    41 ||    42

Table legend:
 A = Non-vault XP
 B = Vault XP
 C = Vault XP percentage of total XP
 D = Non-vault monster count
 E = Vault monster count
 F = Vault count percentage of total count
                 A         B        C        D         E       F
            +---------+---------+-------+---------+---------+-------
      Total |    9652 |    4678 |  32.6 |     223 |      21 |   8.6
            +---------+---------+-------+---------+---------+-------
        D:1 |      25 |       0 |   0.0 |      16 |       0 |   0.0
        D:2 |      78 |       0 |   0.0 |      35 |       0 |   0.0
        D:3 |     123 |       2 |   1.6 |      21 |       2 |   8.7
        D:4 |     584 |       0 |   0.0 |      19 |       0 |   0.0
        D:5 |     937 |     165 |  15.0 |      30 |       5 |  14.3
        D:6 |     471 |       0 |   0.0 |      14 |       0 |   0.0
        D:7 |     788 |       0 |   0.0 |      14 |       0 |   0.0
        D:8 |     992 |    1617 |  62.0 |      23 |       3 |  11.5
        D:9 |     626 |     455 |  42.1 |      19 |       1 |   5.0
       D:10 |    2498 |    1420 |  36.2 |      20 |       6 |  23.1
     Lair:1 |    2530 |    1019 |  28.7 |      12 |       4 |  25.0
            +---------+---------+-------+---------+---------+-------

Table legend:
 A = Turns spent in this place as a percentage of turns spent in the entire game.
 B = Non-inter-level travel turns spent in this place as a percentage of non-inter-level travel turns spent in the entire game.
 C = Inter-level travel turns spent in this place as a percentage of turns spent in this place.
 D = Turns resting spent in this place as a percentage of non-inter-level travel turns spent in this place.
 E = Turns spent auto-exploring this place as a percentage of non-inter-level travel turns spent in this place.
 F = Non-inter-level travel turns spent in this place divided by the number of levels of this place that you've seen.
                   A       B       C       D       E      F
               +-------+-------+-------+-------+-------+----------------------
         Total | 100.0 | 100.0 |   3.9 |  30.0 |  41.2 | 1182.1
       Dungeon |  94.1 |  94.1 |   4.0 |  29.1 |  42.8 | 1334.5
        Temple |   0.5 |   0.4 |  36.7 |   0.0 |  60.0 |  50.0
          Lair |   5.4 |   5.6 |   0.0 |  48.5 |  13.4 | 790.0
               +-------+-------+-------+-------+-------+----------------------

Vault maps used:
D:1:      dpeg_arrival_chase, hex_medium
D:2:      first_ration
D:3:      chequers_ecumenical_altar_island, minmay_quantized
D:4:      roderic_serpentine_path
D:5:      elyvilon_altar_5, serial_glass, glass_columns_a, glass_columns_a,
          item_on_display_a, grunt_ministairs_13
D:6:      minmay_temple_entry_glassed_door, basic_altar, hex_tiny
D:8:      grunt_ogre_cave, uniq_harold, uniq_erica
D:9:      basic_altar, minmay_sticks_and_stones
D:10:     grunt_lair_entry_orc_guard_hut, basic_altar, serial_shops, shop,
          uniq_urug
Temple:   kilobyte_greek_temple
Lair:1:   wad_woods_river_01, grunt_megastairs_1
